 Dungeon Crawl Stone Soup version 0.26.0-10-g1f06aea511 (webtiles) character file.

Game seed: 10502990476862225320

2898 Borgoz the Slasher (level 9, -2/75 HPs)
             Began as a Ghoul Gladiator on Jan 31, 2021.
             Was a Believer of Dithmenos.
             Slain by an ufetubus (3 damage)
             ... on level 7 of the Dungeon.
             The game lasted 00:25:21 (10045 turns).

Borgoz the Slasher (Ghoul Gladiator)               Turns: 10045, Time: 00:25:22

Health: -2/75      AC: 12    Str: 18    XL:     9   Next: 77%
Magic:  8/8        EV: 10    Int:  3    God:    Dithmenos [**....]
Gold:   309        SH:  0    Dex: 13    Spells: 8/8 levels left

rFire    . . .     SeeInvis +   a - +2 long sword
rCold    + . .     Faith    .   (no shield)
rNeg     + + +     Spirit   .   i - +0 storm dragon scales
rPois    ∞         Reflect  .   o - +0 hat {SInv}
rElec    +         Harm     .   (no cloak)
rCorr    .         Rampage  .   (no gloves)
Will     .....                  (no boots)
Stlth    ..........             (no amulet)
HPRegen  0.00/turn              s - ring of see invisible
MPRegen  0.11/turn              (no ring)

@: about to teleport, wreathed by umbra
A: claws 1, cold resistance 1, negative energy resistance 3, inhibited
regeneration, torment resistance, unbreathing
a: Renounce Religion, Shadow Step


You were on level 7 of the Dungeon.
You worshipped Dithmenos.
Dithmenos was pleased with you.
You visited 2 branches of the dungeon, and saw 8 of its levels.
You also visited: Sewer.

You collected 309 gold pieces.

Inventory:

Hand Weapons
 a - a +2 long sword (weapon)
Armour
 b - a +0 buckler
 i - +0 storm dragon scales (worn)
 o - a +0 hat of see invisible (worn)
 q - a +0 chain mail of fire resistance
Jewellery
 f - an uncursed ring of flight
 s - a ring of see invisible (left claw)
Wands
 p - a wand of disintegration (22)
Scrolls
 c - a scroll of enchant armour
 g - 2 scrolls of fog {unknown}
 h - 2 scrolls of remove curse
 j - 2 scrolls of magic mapping {unknown}
 m - 2 scrolls of blinking
 n - 4 scrolls of teleportation
Potions
 d - 2 potions of lignification {unknown}
 e - 3 potions of brilliance
 k - a potion of resistance
 l - a potion of flight
 r - a potion of attraction
 u - 2 potions of haste


   Skills:
 + Level 6.0 Fighting
 * Level 7.1 Long Blades
 - Level 1.7 Throwing
 * Level 6.5 Armour
 * Level 6.5 Dodging


You had 8 spell levels left.
You didn't know any spells.
Your spell library contained the following spells:

 Spells                   Type           Power        Failure   Level
 Shock                    Conj/Air       0%           100%        1
 Swiftness                Air            0%           100%        2
 Static Discharge         Conj/Air       0%           100%        3
 Airstrike                Air            0%           100%        4
 Lightning Bolt           Conj/Air       0%           100%        5


Dungeon Overview and Level Annotations

Branches:
Dungeon (7/15)             Temple (1/1) D:5           Sewer (visited)

Altars:
Ashenzari
Cheibriados
Dithmenos
Elyvilon
Gozag
Makhleb
Nemelex Xobeh
Okawaru
Qazlal
Sif Muna
Trog
Vehumet
Wu Jian
Xom
Zin
The Shining One

Shops:
D:4 *:*(

Annotations:
D:7 Joseph


Innate Abilities, Weirdness & Mutations

You thrive by killing the living.
You are immune to poison.
You have sharp fingernails.
Your flesh is cold resistant. (rC+)
You are immune to negative energy. (rN+++)
You do not regenerate when monsters are visible.
You are immune to unholy pain and torment.
You can survive without breathing.


Message History

As you read the scroll of teleportation, it crumbles to dust.
You feel strangely unstable.
The orc shouts!
The killer bee closely misses you.
You riposte.
You hit the killer bee but do no damage.
The killer bee is heavily wounded.
The killer bee stings you!
* * * LOW HITPOINT WARNING * * *
The ufetubus hits you.
* * * LOW HITPOINT WARNING * * *
The ufetubus hits you.
* * * LOW HITPOINT WARNING * * *
The killer bee stings you but does no damage. x2
Joseph closely misses you.
The howler monkey hoots and howls with incredible vigour!
The killer bee closely misses you.
You riposte.
You hit the killer bee.
The killer bee is severely wounded.
Joseph zaps a wand.
Some rock shatters into small pieces.
The ufetubus hits you.
You die...

...##............... #. #
?.# #................ .
.. #.
..###................ ..
.. ##
...#)............... ..#
#. .....##..........[#
.... ...
....###...........##.....
....
....####.........y.h..o..
....
.....#....#....5y.@y...#
..........#.....@y#.####
.........##......#.y.#
.....#......###.#. ..#
.....##.....# .# .. ##
.....#####.##.# ##.
#.#### ###.# ## ## .# ##


You could see Joseph, a howler monkey (catching breath), 5 killer bees, an orc
and an ufetubus.

Vanquished Creatures
  A kobold demonologist (D:6)
  Sigmund (D:3)
  Duvessa (D:4)
  Purgy (Sewer)
  A black bear (D:6)
  2 orc warriors
  3 sky beasts
  3 ogres
  A centaur (D:6)
  A gnoll sergeant (D:5)
  Dowan (D:4)
  A water moccasin zombie (D:6)
  5 wights
  A howler monkey (D:4)
  A centaur zombie (D:6)
  A centaur skeleton (D:7)
  A jelly (D:6)
  5 hounds
  An orc priest (D:7)
  2 bullfrog skeletons
  5 orc wizards
  An iguana (D:5)
  Natasha (D:3)
  6 worker ants
  A statue (D:5)
  A hound skeleton (D:4)
  7 gnolls
  6 adders
  A river rat (D:6)
  2 shadow imps
  4 oozes
  An adder skeleton (D:4)
  2 worms (D:2)
  2 leopard geckos
  24 orcs
  10 giant cockroaches
  6 goblins
  7 hobgoblins
  7 jackals (D:1)
  2 quokkas (D:5)
  5 ball pythons
  8 bats
  5 frilled lizards
  A giant cockroach zombie (D:6)
  14 kobolds
  2 quokka skeletons
  9 rats
174 creatures vanquished.

Notes
Turn   | Place    | Note
-------+----------+-------------------------------------------
     0 | D:1      | Borgoz the Ghoul Gladiator began the quest for the Orb.
     0 | D:1      | Reached XP level 1. HP: 17/17 MP: 0/0
   143 | D:1      | Reached XP level 2. HP: 24/24 MP: 1/1
   247 | D:1      | Reached skill level 3 in Long Blades
   263 | D:1      | Reached skill level 1 in Armour
   412 | D:1      | Reached XP level 3. HP: 30/30 MP: 2/2
  1633 | D:2      | Reached XP level 4. HP: 36/37 MP: 3/3
  1784 | D:2      | Found a glowing silver altar of Zin.
  1990 | D:2      | Found an opulent altar of Gozag.
  2108 | D:2      | Found an iron altar of Okawaru.
  2726 | D:3      | Reached XP level 5. HP: 33/45 MP: 4/4
  2910 | D:3      | Noticed Natasha
  2923 | D:3      | Killed Natasha
  2956 | D:3      | Reached skill level 4 in Long Blades
  3117 | D:3      | Noticed Sigmund
  3143 | D:3      | Killed Sigmund
  3144 | D:3      | Reached XP level 6. HP: 4/51 MP: 5/5
  3935 | D:4      | Found Yneuloe's Antique Weapon Emporium.
  3961 | D:4      | Reached XP level 7. HP: 42/58 MP: 6/6
  4048 | D:4      | Found Qixzih's General Store.
  4087 | D:4      | Found Ekkomi Zili's Book Boutique.
  4137 | D:4      | Noticed Dowan
  4138 | D:4      | Noticed Duvessa
  4162 | D:4      | Killed Duvessa
  4172 | D:4      | Killed Dowan
  4477 | D:4      | Found Kisuroidd's General Store.
  4560 | D:4      | Reached skill level 5 in Long Blades
  4924 | D:4      | Found an ornate altar of the Wu Jian Council.
  4931 | D:4      | Noticed a spectral centipede
  4931 | D:4      | Noticed a spectral black mamba
  4931 | D:4      | Noticed a spectral cane toad
  5287 | D:4      | Found a burning altar of Makhleb.
  5289 | D:4      | Noticed a green death
  5293 | D:4      | Noticed a hellwing
  5293 | D:4      | Noticed a smoke demon
  5365 | D:5      | Entered Level 5 of the Dungeon
  5453 | D:5      | Found a radiant altar of Vehumet.
  5509 | D:5      | Reached XP level 8. HP: 67/67 MP: 7/7
  5903 | D:5      | Found a staircase to the Ecumenical Temple.
  5913 | Temple   | Entered the Ecumenical Temple
  6077 | Temple   | Became a worshipper of Dithmenos the Shadowed
  6790 | D:6      | Found a glowing drain.
  6794 | Sewer    | Entered a sewer
  6881 | Sewer    | Noticed Purgy
  6903 | Sewer    | Killed Purgy
  7495 | D:6      | Reached skill level 5 in Armour
  7495 | D:6      | Reached skill level 5 in Dodging
  7497 | D:6      | Reached * piety under Dithmenos
  7646 | D:6      | Reached skill level 5 in Fighting
  7749 | D:6      | Reached skill level 6 in Long Blades
  7865 | D:6      | HP: 1/68 [orc warrior/+0 mace (9)]
  8332 | D:6      | Reached XP level 9. HP: 66/74 MP: 8/8
  8442 | D:6      | Noticed a kobold demonologist
  8452 | D:6      | Noticed a smoke demon
  8459 | D:6      | Killed a kobold demonologist
  9086 | D:7      | Noticed a two-headed ogre
  9820 | D:7      | Reached ** piety under Dithmenos
  9879 | D:7      | Reached skill level 7 in Long Blades
 10026 | D:7      | Noticed Joseph
 10044 | D:7      | HP: 3/75 [ufetubus (3)]
 10044 | D:7      | HP: 1/75 [ufetubus (2)]
 10045 | D:7      | Slain by an ufetubus

Illustrated notes

Levels and vault maps discovered:
D:1:      saegor_arrival_simple_c, layout_basic, corner_web_ring
D:2:      minmay_razor_zed, layout_basic, kennysheep_okawaru_gauntlet,
          zin_treasury, nicolae_overflow_hidden_temple, hangedman_decor_points
D:3:      layout_rooms, bh_walls_and_bars, uniq_sigmund, uniq_natasha
D:4:      layout_basic, makhleb_altar_promises_db,
          pdpol_wu_jian_five_deadly_venoms, serial_shops,
          nicolae_shop_behind_doors, shop, shop, shop, nrook_loot_triangle,
          uniq_duvessa
D:5:      cheibrodos_helix_gallery, layout_loops_ring, vehumet_statue,
          minmay_temple_entry_overgrown
D:6:      layout_basic, gup_sewer_entry_spiral, minmay_crystal_water, kb_rosetta
D:7:      layout_cave_pools, gammafunk_temple_overflow_elements,
          grunt_decor_fettered, grunt_ministairs_10, uniq_joseph
Temple:   chequers_temple_sunken

Skill      XL: |  1  2  3  4  5  6  7  8  9 |
---------------+----------------------------+-----
Long Blades    | 3 4 5 6 7 |  7.1
Armour         | 1 2 3 4 5 6 |  6.5
Dodging        | 3 4 5 6 |  6.5
Fighting       | 3 4 5 6 |  6.0
Throwing       | |  1.7

Action                   |  1- 3 |  4- 6 |  7- 9 || total
-------------------------+-------+-------+-------++-------
Melee: Long sword        |   100 |   152 |   447 ||   699
Throw: Throwing net      |       |     3 |     2 ||     5
Evoke: Wand              |       |       |     8 ||     8
  Use: Scroll            |     2 |     2 |    11 ||    15
       Potion            |       |     9 |     7 ||    16
 Stab: Held in net/web   |       |     1 |     1 ||     2
Armor: Leather armour    |    38 |    37 |     2 ||    77
       Ring mail         |       |       |    71 ||    71
       Storm dragon scal |       |       |   142 ||   142
Dodge: Dodged            |    97 |   102 |   377 ||   576
Block: Buckler           |       |       |    28 ||    28
       Rpst.: Long sword |    30 |    27 |   117 ||   174
